 Dungeon Crawl Stone Soup version 0.31-a0-1074-g0b22e4e0f1 (webtiles) character file.

Game seed: 1371864134089325939

1520 quinnr the Gusty (level 8, -2/45 (46) HPs)
             Began as a Tengu Air Elementalist on Dec 5, 2023.
             Slain by a wight
             ... wielding a +0 hand axe
              (7 damage)
             ... on level 6 of the Dungeon.
             The game lasted 00:12:32 (7522 turns).

quinnr the Gusty (Tengu Air Elementalist)           Turns: 7522, Time: 00:12:32

HP:   -2/45 (46)    AC:  3    Str:  9    XL:     8   Next: 84%
MP:   11/13         EV: 19    Int: 17    God:
Gold: 392           SH:  0    Dex: 15    Spells: 6/13 levels left

rFire   . . .        (no weapon)
rCold   . . .        (no shield)
rNeg    . . .        a - +0 robe
rPois   .            (helmet restricted)
rElec   .            j - +0 cloak
rCorr   .            (no gloves)
SInv    .            (boots unavailable)
Will    .....        (no amulet)
Stlth   ++           (no ring)
HPRegen 0.27/turn    (no ring)
MPRegen 0.13/turn

%: acrobat
@: mighty, flying, lightly drained
A: beak, talons 3, evasive flight, acrobatic
a: no special abilities


You were on level 6 of the Dungeon.
You visited 2 branches of the dungeon, and saw 8 of its levels.

You collected 392 gold pieces.


Innate Abilities, Weirdness & Mutations

You have a beak for a mouth.
You have claws for feet.
Your magical flight helps you evade attacks. (EV +4)
You can magically evade attacks while moving or waiting.


   Skills:
 - Level 3.0 Fighting
 + Level 7.2 Dodging
 - Level 2.0 Stealth
 - Level 3.0 Spellcasting
 + Level 7.5 Conjurations
 + Level 7.5 Air Magic
 - Level 1.0 Evocations


You had 6 spell levels left.
You knew the following spells:

 Your Spells              Type           Power      Damage    Failure   Level
a - Airstrike             Air            14%        2d(2-18)  8%          4
t - Static Discharge      Conj/Air       56%        3-6/arc   1%          2
z - Shock                 Conj/Air       100%       1d9       1%          1

Your spell library contained the following spells:

 Spells                   Type           Power      Damage    Failure   Level
 Swiftness                Air            28%        N/A       2%          3
 Fulminant Prism          Conj/Hex       7%         3d7       36%         4
 Iskenderun's Mystic Bla  Conj/Tloc      15%        2d5       36%         4
 Ozocubu's Armour         Ice            2%         N/A       45%         3
 Volatile Blastmotes      Fire/Tloc      4%         2d10      45%         3
 Ozocubu's Refrigeration  Ice            1%         4d7       100%        7

Inventory:

Hand Weapons
 x - a +0 dagger
Missiles
 t - a javelin
 u - 2 silver javelins
Armour
 a - a +0 robe (worn)
 e - a scarf of invisibility
 j - a +0 cloak (worn)
 p - a +0 buckler
Magical Staves
 n - a staff of death {!a}
Wands
 m - a wand of paralysis (7)
Scrolls
 c - a scroll of summoning {unknown}
 d - 2 scrolls of teleportation {@r2}
 g - a scroll of poison {unknown}
 h - a scroll of identify {unknown}
 l - a scroll of fear {unknown}
 o - a scroll of brand weapon {unknown}
 v - a scroll of vulnerability {unknown}
 w - 3 scrolls of enchant weapon
Potions
 b - a potion of magic
 f - a potion of cancellation {unknown}
 i - 2 potions of degeneration {unknown}
 k - a potion of might
 q - a potion of mutation {unknown}
 r - a potion of attraction {unknown}
 s - 2 potions of curing {unknown}

Dungeon Overview and Level Annotations

Branches:
Dungeon (7/15)             Temple (1/1) D:5

Altars:
Ashenzari
Dithmenos
Elyvilon
Gozag
Hepliaklqana
Kikubaaqudgha
Ru
Sif Muna
Trog
Wu Jian
Xom

Shops:
D:5 (

Annotations:
D:3 Grinder

######..........##<##'#
#...#..........#......
#...#..........#......
#...'..........#.<....
#..##..........######'
#..#####..............
#......#..............
#.....z'.....>........
#....@z#..............
#......#.......#####..
##'###..#.......#...'..
#....#..#..)....#...#..
#....####.......##'##..
#....# #########...#..
#....# #.......#...#..
#....# #.......'...'..
###### #......######..


You could see 2 wights.


Message History

You feel strangely unstable.
It was a scroll of teleportation.
The wight hits you but does no damage. The wight hits you with a +0 hand axe.
* * * LOW HITPOINT WARNING * * *
You feel drained.
* * * LOW HITPOINT WARNING * * *
Okay, then.
There is an open door here.
Your surroundings seem slightly different.
Okay, then.
It was a potion of might.
You feel very mighty all of a sudden.
You hit the wight. You claw the wight, but do no damage.
The wight is moderately damaged.
The wight hits you with a +0 hand axe.
* * * LOW HITPOINT WARNING * * *
Casting: Airstrike (quite dangerous; 8% risk of failure)
Confirm with . or Enter, or press ? or * to list all spells.
The wight is struck by an arc of lightning.
The wight is moderately damaged.
The wight is struck by an arc of lightning.
The wight is moderately damaged.
The wight is struck by an arc of lightning.
The wight is severely damaged.
You are struck by an arc of lightning.
* * * LOW HITPOINT WARNING * * *
The lightning grounds out.
The wight is struck by an arc of lightning.
The wight is moderately damaged.
You are struck by an arc of lightning.
The wight hits you with a +0 hand axe!
You die...

Skill      XL: |  1  2  3  4  5  6  7  8 |
---------------+-------------------------+-----
Conjurations   | 2 4 5 6 7 |  7.5
Fighting       | 1 2 3 |  3.0
Dodging        | 3 4 5 7 |  7.2
Evocations     | 1 |  1.0
Air Magic      | 5 6 7 |  7.5
Spellcasting   | 3 |  3.0
Stealth        | |  2.0

Action                     |  1- 3 |  4- 6 |  7- 9 || total
---------------------------+-------+-------+-------++-------
  Melee: Unarmed           |     2 |       |     3 ||     5
         Peck              |     1 |       |     1 ||     2
         Staff             |       |       |     1 ||     1
         Kick              |       |       |     2 ||     2
   Cast: Shock             |    55 |    76 |   116 ||   247
         Static Discharge  |       |    13 |    16 ||    29
         Airstrike         |       |       |    10 ||    10
    Use: Scroll            |       |     1 |     1 ||     2
         Potion            |       |       |     1 ||     1
   Stab: Sleeping          |       |       |     1 ||     1
 Armour: Robe              |     2 |    30 |    38 ||    70
  Dodge: Dodged            |     8 |    15 |    36 ||    59

Levels and vault maps discovered:
D:1:      heliophobic_arrival_enchanted_forest, layout_basic,
          dilly_ecumenical_altar_fadedgnrine, bh_walls_and_bars
D:2:      layout_basic, st_stairs_14
D:3:      layout_rooms, gammafunk_ghost_grave, uniq_grinder
D:4:      layout_loops_cross, tgw_kikubaaqudgha, lemuel_tele_altar,
          minmay_cupped, uniq_ijyb
D:5:      layout_loops_ring, mainiacjoe_overflow_brackets,
          nicolae_gozag_seed_capital, lemuel_temple_firewalk_b,
          nicolae_shop_firing_range
D:6:      lemuel_ratsnest, layout_gridville,
          mainiacjoe_overflow_six_doors_small, uniq_sigmund
D:7:      layout_gridville, grunt_temple_overflow_order_and_chaos_2,
          okawaru_humans, solitary_fountain, uniq_maggie
Temple:   nicolae_temple_stand_before_the_council

Notes
Turn   | Place    | Note
-------+----------+-------------------------------------------
     0 | D:1      | quinnr the Tengu Air Elementalist began the quest for the
                  | Orb.
     0 | D:1      | Reached XP level 1. HP: 10/10 MP: 4/4
   110 | D:1      | Reached skill level 2 in Conjurations
   373 | D:1      | Reached XP level 2. HP: 16/16 MP: 1/6
   711 | D:1      | Reached skill level 1 in Fighting
   711 | D:1      | Reached XP level 3. HP: 20/20 MP: 1/7
   900 | D:1      | Found a faded altar of an unknown god.
  1273 | D:2      | Reached skill level 3 in Dodging
  1273 | D:2      | Reached skill level 3 in Conjurations
  1556 | D:2      | Reached skill level 4 in Conjurations
  1556 | D:2      | Reached XP level 4. HP: 25/25 MP: 0/8
  2056 | D:3      | Noticed Grinder
  2089 | D:2      | Learned a level 4 spell: Airstrike
  2092 | D:2      | Learned a level 2 spell: Static Discharge
  2708 | D:4      | Reached skill level 2 in Fighting
  2781 | D:4      | Found an ancient bone altar of Kikubaaqudgha.
  2790 | D:4      | Reached XP level 5. HP: 30/30 MP: 3/9
  2840 | D:4      | Noticed a human
  2842 | D:4      | Killed a human
  2861 | D:4      | Found a shimmering altar of Xom.
  2871 | D:4      | Reached skill level 4 in Dodging
  3213 | D:4      | Reached skill level 3 in Fighting
  3635 | D:4      | Noticed Ijyb
  3710 | D:4      | Paralysed by Ijyb for 4 turns
  3727 | D:4      | Killed Ijyb
  3728 | D:4      | Reached XP level 6. HP: 37/37 MP: 4/10
  3899 | D:5      | Entered Level 5 of the Dungeon
  3912 | D:5      | Noticed a black bear
  3927 | D:5      | Found a bloodstained altar of Trog.
  4037 | D:5      | Reached skill level 1 in Evocations
  4126 | D:5      | Killed a black bear
  4127 | D:5      | Reached skill level 5 in Conjurations
  4127 | D:5      | Reached skill level 5 in Air Magic
  4127 | D:5      | Gained mutation: Your magical flight helps you evade
                  | attacks. (EV +4) [Tengu growth]
  4127 | D:5      | Reached XP level 7. HP: 38/41 MP: 1/12
  4260 | D:5      | Reached skill level 3 in Spellcasting
  4782 | D:5      | Found an opulent altar of Gozag.
  4944 | D:5      | Found Oseik's Firing Range.
  5081 | D:5      | Found a staircase to the Ecumenical Temple.
  5100 | Temple   | Entered the Ecumenical Temple
  5282 | D:6      | Noticed Sigmund
  5286 | D:6      | Killed Sigmund
  5287 | D:6      | Reached skill level 5 in Dodging
  5287 | D:6      | Reached skill level 6 in Conjurations
  5287 | D:6      | Reached skill level 6 in Air Magic
  5502 | D:6      | Reached XP level 8. HP: 35/46 MP: 0/13
  5709 | D:6      | Reached skill level 6 in Dodging
  6651 | D:6      | Found a broken altar of Ashenzari.
  6655 | D:6      | Reached skill level 7 in Conjurations
  6670 | D:6      | Reached skill level 7 in Air Magic
  7071 | D:6      | Reached skill level 7 in Dodging
  7522 | D:6      | Slain by a wight

Vanquished Creatures
  Sigmund (D:6)
  A black bear (D:5)
  An ice beast (D:6)
  2 sky beasts
  A phantom (D:5)
  2 scorpions
  A wight (D:6)
  A hound (D:5)
  5 jellies
  6 iguanas
  3 sleepcaps (D:6)
  Ijyb (D:4)
  11 gnolls
  5 adders
  5 river rats (D:6)
  A shadow imp (D:5)
  3 white imps
  2 dart slugs (D:2)
  4 orcs (D:4)
  2 bats
  6 endoplasms
  3 giant cockroaches
  3 goblins
  4 hobgoblins
  4 jackals (D:2)
  6 quokkas
  5 ball pythons
  4 frilled lizards
  2 kobolds
  14 rats
109 creatures vanquished.

Vanquished Creatures (others)
  A human (D:4)
1 creature vanquished.

Grand Total: 110 creatures vanquished

Table legend: (Time is in decaauts)
 A = Elapsed time spent in this place.
 B = Non-inter-level travel time spent in this place.
 C = Inter-level travel time spent in this place.
 D = Time resting spent in this place.
 E = Time spent auto-exploring this place.
 F = Levels seen in this place.
 G = Mean time per level.
                   A        B        C        D        E       F      G
               +--------+--------+--------+--------+--------+-----+--------+
         Total |   7524 |   7037 |    487 |    335 |   5698 |   8 |  940.5 |
       Dungeon |   7512 |   7031 |    481 |    335 |   5698 |   7 | 1073.1 |
        Temple |     11 |      5 |      6 |      0 |      0 |   1 |   11.0 |
               +--------+--------+--------+--------+--------+-----+--------+

Top non-repeatable levels by time:
     D:6: 2117 daAuts
     D:2: 1503 daAuts
     D:4: 1366 daAuts
     D:5: 1315 daAuts
     D:1: 1010 daAuts
     D:3: 177 daAuts
     D:7: 20 daAuts
  Temple: 11 daAuts

Table legend:
 A = Non-vault XP
 B = Vault XP
 C = Vault XP percentage of total XP
 D = Non-vault monster count
 E = Vault monster count
 F = Vault count percentage of total count
                 A         B        C        D         E       F
            +---------+---------+-------+---------+---------+-------
      Total |    1359 |     813 |  37.4 |      80 |      29 |  26.6
            +---------+---------+-------+---------+---------+-------
        D:1 |      36 |       0 |   0.0 |      16 |       0 |   0.0
        D:2 |      69 |       1 |   1.4 |      17 |       1 |   5.6
        D:3 |       7 |       0 |   0.0 |       4 |       0 |   0.0
        D:4 |     187 |      48 |  20.4 |      17 |       2 |  10.5
        D:5 |     529 |       0 |   0.0 |      13 |       0 |   0.0
        D:6 |     402 |     764 |  65.5 |      12 |      26 |  68.4
        D:7 |     129 |       0 |   0.0 |       1 |       0 |   0.0
            +---------+---------+-------+---------+---------+-------

Levels and vault maps discovered:
D:1:      heliophobic_arrival_enchanted_forest, layout_basic,
          dilly_ecumenical_altar_fadedgnrine, bh_walls_and_bars
D:2:      layout_basic, st_stairs_14
D:3:      layout_rooms, gammafunk_ghost_grave, uniq_grinder
D:4:      layout_loops_cross, tgw_kikubaaqudgha, lemuel_tele_altar,
          minmay_cupped, uniq_ijyb
D:5:      layout_loops_ring, mainiacjoe_overflow_brackets,
          nicolae_gozag_seed_capital, lemuel_temple_firewalk_b,
          nicolae_shop_firing_range
D:6:      lemuel_ratsnest, layout_gridville,
          mainiacjoe_overflow_six_doors_small, uniq_sigmund
D:7:      layout_gridville, grunt_temple_overflow_order_and_chaos_2,
          okawaru_humans, solitary_fountain, uniq_maggie
Temple:   nicolae_temple_stand_before_the_council
